 Dungeon Crawl Stone Soup version 0.30-a0-738-g116ff8c4af (webtiles) character file.

Game seed: 12667506346629979439

2492 NinjaNoafa the Skirmisher (level 9, -3/44 HPs)
             Began as a Spriggan Hunter on Feb 3, 2023.
             Was an Initiate of Ashenzari.
             Slain by a hornet (13 damage)
             ... on level 7 of the Dungeon.
             The game lasted 00:17:25 (5947 turns).

NinjaNoafa the Skirmisher (Spriggan Hunter)         Turns: 5947, Time: 00:17:26

Health: -3/44      AC:  3    Str:  7    XL:     9   Next: 27%
Magic:  22/22      EV: 22    Int: 13    God:    Ashenzari [......]
Gold:   334        SH:  0    Dex: 20    Spells: 10/12 levels left

rFire   . . .      SeeInvis +    a - +0 shortbow
rCold   . . .      Faith    .    (shield currently unavailable)
rNeg    . . .      Spirit   .    c - +0 robe
rPois   +          Reflect  .    (helmet restricted)
rElec   .          Harm     .    z - +0 cloak
rCorr   .          Rampage  .    (gloves unavailable)
Will    +....                    (boots unavailable)
Stlth   +++                      (no amulet)
HPRegen 0.27/turn                m - ring "Ruined Jealousy" {rPois, Evo, Cun} (curse)
MPRegen 0.18/turn                y - ring of magical power

@: very quick
A: very small, no large weapons, unfitting armour, see invisible, speed 3
a: Renounce Religion, Shatter the Chains


You were on level 7 of the Dungeon.
You worshipped Ashenzari.
Ashenzari was noncommittal.
You visited 2 branches of the dungeon, and saw 8 of its levels.

You collected 334 gold pieces.

Inventory:

Hand Weapons
 a - a +0 shortbow (weapon)
Missiles
 g - 4 atropa-tipped darts
 q - 12 poisoned darts
 D - 3 boomerangs
Armour
 c - a +0 robe (worn)
 z - a +0 cloak (worn)
Jewellery
 m - the cursed ring "Ruined Jealousy" (left hand) {rPois, Evo, Cun}
   (You found it on level 3 of the Dungeon)

   [ring of poison resistance]

   rPois:     It protects you from poison.
   It has a curse which improves the following skills: Evocations: Evocations.
   Cunning:   Dodging and Stealth.
 n - a ring of ice
 v - a ring of fire
 y - a ring of magical power (right hand)
Wands
 o - a wand of flame (19)
 s - a wand of roots (21)
 w - a wand of polymorph (24)
 A - a wand of quicksilver (5)
 E - a wand of charming (4)
Scrolls
 b - 2 scrolls of immolation
 d - 2 scrolls of amnesia {unknown}
 f - 2 scrolls of torment {unknown}
 h - 2 scrolls of enchant weapon {unknown}
 i - 6 scrolls of teleportation
 k - 6 scrolls of identify {unknown}
 l - a scroll of butterflies {unknown}
 r - 3 scrolls of blinking {unknown}
 F - a scroll of enchant armour {unknown}
Potions
 e - 2 potions of brilliance {unknown}
 j - 3 potions of resistance
 p - 2 potions of lignification {unknown}
 t - 2 potions of heal wounds {unknown}
 u - 2 potions of might {unknown}
 x - 2 potions of flight {unknown}
 C - a potion of attraction {unknown}


   Skills:
 - Level 3.3 Fighting
 + Level 10.0 Ranged Weapons
 - Level 6.8(7.2) Dodging
 - Level 4.0(4.4) Stealth
 - Level 2.0 Spellcasting
 - Level 6.0 Translocations
 - Level 4.0(4.3) Evocations


You had 10 spell levels left.
You knew the following spells:

 Your Spells              Type           Power      Damage    Failure   Level
a - Blink                 Tloc           32%        N/A       3%          2

Your spell library contained the following spells:

 Spells                   Type           Power      Damage    Failure   Level
 Manifold Assault         Tloc           16%        N/A       22%         4
 Cigotuvi's Dreadful Rot  Necr/Pois/Air  2%         N/A       36%         2
 Inner Flame              Hex/Fire       1%         N/A       58%         3
 Flame Wave               Conj/Fire      1%         2d4       94%         4
 Sticky Flame             Conj/Fire      1%         2d3       94%         4
 Summon Mana Viper        Hex/Summ       1%         N/A       100%        5
 Storm Form               Tmut/Air       0%         N/A       100%        7
 Dragon's Call            Summ           0%         N/A       100%        9


Dungeon Overview and Level Annotations

Branches:
Dungeon (7/15)             Temple (1/1) D:6

Altars:
Ashenzari
Cheibriados
Dithmenos
Fedhas
Gozag
Hepliaklqana
Kikubaaqudgha
Makhleb
Nemelex Xobeh
Okawaru
Qazlal
Ru
Sif Muna
Trog
Uskayaw
Vehumet
Wu Jian
Xom
Yredelemnul
Zin
The Shining One

Shops:
D:7 !


Innate Abilities, Weirdness & Mutations

You are very small and have problems with some larger weapons.
You are too small for most types of armour.
You have supernaturally acute eyesight. (SInv)
You cover ground extremely quickly. (Speed+++)


Message History

The shadow imp gestures at you. You resist with some effort.
Fire: a) +0 shortbow
Press: ? - help, Q - select action, (/) - cycle Shift-Dir - straight line, f - shadow imp
Aim: a shadow imp (65% to hit)
You shoot an arrow. The arrow hits the shadow imp!
The shadow imp is severely wounded.
The shadow imp gestures at you. Pain shoots through your body!
* * * LOW HITPOINT WARNING * * *
Fire: a) +0 shortbow
Press: ? - help, Q - select action, (/) - cycle Shift-Dir - straight line, f/p - shadow imp
Aim: a shadow imp (severely wounded, 65% to hit)
You shoot an arrow. The arrow barely misses the shadow imp.
You feel stable enough to blink again.
Fire: a) +0 shortbow
Press: ? - help, Q - select action, (/) - cycle Shift-Dir - straight line, f/p - shadow imp
Aim: a shadow imp (severely wounded, 65% to hit)
You shoot an arrow.
The arrow hits the shadow imp but does no damage.
The shadow imp is severely wounded.
The shadow imp spits at you.
Fire: a) +0 shortbow
Press: ? - help, Q - select action, (/) - cycle Shift-Dir - straight line, f/p - shadow imp
Aim: a shadow imp (severely wounded, 65% to hit)
You shoot an arrow. The arrow hits the shadow imp.
You kill the shadow imp!
Found Babual's Distillery.
Fire: a) +0 shortbow
Press: ? - help, Q - select action, (/) - cycle Shift-Dir - straight line, f - hornet
Aim: a hornet (heavily wounded, 57% to hit)
You shoot an arrow.
The arrow hits the hornet but does no damage.
The hornet is heavily wounded.
Fire: a) +0 shortbow
Press: ? - help, Q - select action, (/) - cycle Shift-Dir - straight line, f/p - hornet
Aim: a hornet (heavily wounded, 57% to hit)
You shoot an arrow. The arrow closely misses the hornet.
The hornet stings you!
You die...

..# #.. #.# ...
#.##### Y#.#
#..).)######.#..♣#
##..)...##...# .∩.♣#
#......>.)# ♣..#
#....>#.###
##.####### #######.#
##.......<# #.###
#@y######.#
#.#..........# #.#
#######.#.##+#####.#
#y# #.......#.# #.##
#.# #.#####.#.#
#.$###.## #...#
#....^.......# ##..#
#y.########### ##.#
#.## #.########y#


You could see a hornet.

Vanquished Creatures
  Pikel (D:5)
  Grinder (D:3)
  Sigmund (D:3)
  2 ice beasts
  2 ogres
  3 lemures (D:5)
  A kobold brigand (D:5)
  2 phantoms (D:4)
  A necrophage (D:6)
  5 wights (D:7)
  2 scorpions
  Crazy Yiuf (D:3)
  An orc priest (D:6)
  4 hounds
  4 iguanas
  Jessica (D:2)
  Natasha (thrice) (D:3)
  2 orc wizards (D:7)
  10 gnolls
  7 adders
  A shadow imp (D:7)
  2 white imps (D:6)
  5 dart slugs
  6 orcs
  5 ball pythons
  9 endoplasms
  3 giant cockroaches
  5 goblins
  4 hobgoblins
  7 jackals
  5 quokkas
  10 bats
  6 frilled lizards
  11 kobolds
  6 rats
139 creatures vanquished.

Notes
Turn   | Place    | Note
-------+----------+-------------------------------------------
     0 | D:1      | NinjaNoafa the Spriggan Hunter began the quest for the Orb.
     0 | D:1      | Reached XP level 1. HP: 10/10 MP: 2/2
    76 | D:1      | Reached XP level 2. HP: 14/14 MP: 3/3
   503 | D:1      | Reached skill level 5 in Ranged Weapons
   535 | D:1      | Reached XP level 3. HP: 18/18 MP: 4/4
   770 | D:2      | Noticed Jessica
   771 | D:2      | Killed Jessica
   772 | D:2      | Reached XP level 4. HP: 22/22 MP: 5/5
  1119 | D:2      | You fall into a shaft and drop 2 floors!
  1167 | D:3      | Reached skill level 6 in Ranged Weapons
  1357 | D:3      | Reached XP level 5. HP: 25/25 MP: 6/6
  1366 | D:3      | Noticed Sigmund
  1391 | D:3      | Killed Sigmund
  1392 | D:3      | Reached XP level 6. HP: 30/30 MP: 7/7
  1418 | D:3      | Noticed Grinder
  1444 | D:3      | Paralysed by Grinder for 5 turns
  1484 | D:3      | Killed Grinder
  1485 | D:3      | Reached skill level 7 in Ranged Weapons
  1563 | D:3      | Noticed Natasha
  1566 | D:3      | Killed Natasha
  1595 | D:3      | Reached XP level 7. HP: 33/33 MP: 8/8
  1637 | D:3      | Found a hazy altar of Hepliaklqana.
  1846 | D:3      | Found a runed translucent door.
  1847 | D:3      | Noticed Crazy Yiuf
  1897 | D:3      | Noticed Natasha
  1903 | D:4      | Reached skill level 5 in Dodging
  2631 | D:4      | Reached skill level 1 in Spellcasting
  2631 | D:4      | Reached skill level 1 in Translocations
  2763 | D:5      | Entered Level 5 of the Dungeon
  2785 | D:5      | Noticed Pikel
  3042 | D:5      | Found a snail-covered altar of Cheibriados.
  3262 | D:3      | Killed Natasha
  3414 | D:3      | Killed Crazy Yiuf
  3488 | D:3      | Noticed Natasha
  3493 | D:3      | Killed Natasha
  3540 | D:3      | Identified the +4 hammer of Welfare {freeze, rF+ rCorr}
  3713 | D:5      | Reached XP level 8. HP: 39/39 MP: 12/12
  4347 | D:5      | Killed Pikel
  4348 | D:5      | Reached skill level 5 in Translocations
  4348 | D:5      | Reached skill level 8 in Ranged Weapons
  4362 | D:6      | Found a staircase to the Ecumenical Temple.
  4376 | Temple   | Entered the Ecumenical Temple
  4376 | Temple   | Found a transporter.
  4376 | Temple   | Found a transporter.
  4378 | Temple   | Found a transporter.
  4378 | Temple   | Found a transporter.
  4394 | Temple   | Became a worshipper of Ashenzari the Shackled
  4542 | D:6      | Learned a level 2 spell: Blink
  4850 | D:6      | Reached XP level 9. HP: 44/44 MP: 13/13
  4859 | D:6      | Reached skill level 9 in Ranged Weapons
  5533 | D:7      | Got the Atlas of the Supportive Coward
  5698 | D:7      | Reached skill level 10 in Ranged Weapons
  5941 | D:7      | Found Babual's Distillery.
  5947 | D:7      | Slain by a hornet

Illustrated notes

Levels and vault maps discovered:
D:1:      elethiomel_arrival_quiet, layout_basic, serial_rivers,
          chequers_serial_rivers_small_3, chequers_serial_rivers_marsh,
          chequers_serial_rivers_room_b, chequers_serial_rivers_small_b,
          hangedman_decor_growths, dreamdust_mushroom_princess
D:2:      layout_basic, uniq_jessica
D:3:      layout_rooms, nicolae_overflow_hidden_temple, uniq_crazy_yiuf_cottage,
          uniq_natasha, uniq_grinder, uniq_sigmund
D:4:      layout_loops_corners, st_stairs_13
D:5:      layout_loops_ring, cheibriados_altar_1, uniq_pikel
D:6:      layout_basic, minmay_temple_entry_proselytizer,
          kennysheep_decorative_pillar
D:7:      dreamdust_elfheim, layout_basic, serial_shops, nicolae_shop_trees,
          uniq_maggie
Temple:   hellmonk_temple_divided_pantheon

Skill      XL: |  1  2  3  4  5  6  7  8  9 |
---------------+----------------------------+-----
Ranged Weapons | 5 6 7 8 10 | 10.0
Stealth        | 3 4 |  4.0
Dodging        | 3 4 5 6 |  6.8
Evocations     | 4 |  4.0
Spellcasting   | 2 |  2.0
Translocations | 2 6 |  6.0
Fighting       | 2 3 |  3.3

Action                     |  1- 3 |  4- 6 |  7- 9 || total
---------------------------+-------+-------+-------++-------
   Fire: Shortbow          |    68 |   133 |   379 ||   580
   Cast: Blink             |       |       |    11 ||    11
 Invoke: Curse Item        |       |       |     1 ||     1
  Evoke: Wand              |       |       |     2 ||     2
    Use: Potion            |       |       |     2 ||     2
         Scroll            |       |       |     1 ||     1
 Armour: Robe              |     2 |     5 |     3 ||    10
  Dodge: Dodged            |    13 |    59 |   105 ||   177

Table legend: (Time is in decaauts)
 A = Elapsed time spent in this place.
 B = Non-inter-level travel time spent in this place.
 C = Inter-level travel time spent in this place.
 D = Time resting spent in this place.
 E = Time spent auto-exploring this place.
 F = Levels seen in this place.
 G = Mean time per level.
                   A        B        C        D        E       F      G
               +--------+--------+--------+--------+--------+-----+--------+
         Total |   4170 |   3832 |    338 |     29 |   2493 |   8 |  521.2 |
       Dungeon |   4143 |   3811 |    332 |     29 |   2489 |   7 |  591.9 |
        Temple |     26 |     20 |      6 |      0 |      3 |   1 |   26.0 |
               +--------+--------+--------+--------+--------+-----+--------+

Top non-repeatable levels by time:
     D:3: 815 daAuts
     D:4: 783 daAuts
     D:5: 662 daAuts
     D:7: 572 daAuts
     D:6: 505 daAuts
     D:1: 438 daAuts
     D:2: 367 daAuts
  Temple: 26 daAuts
